Description

Is a Economic Timming push: DT drop after your 3th base. And so create adepts qith resonatin glaives.

Replay - PvZ Drop de DT into gladepts and immortal

Build Order

Get SALT Encoding   

  12  0:00  Probe (Chrono Boost)  
  13  0:11  Probe (Chrono Boost)  
  14  0:18  Pylon  
  14  0:23  Probe (Chrono Boost)  
  15  0:36  Probe (Chrono Boost)  
  16  0:47  Probe (Chrono Boost)  
  17  0:58  Nexus  
  17  1:09  Gateway  
  17  1:12  Probe (Chrono Boost)  
  18  1:18  Assimilator  
  18  1:23  Probe (Chrono Boost)  
  19  1:27  Assimilator  
  19  1:33  Probe (Chrono Boost)  
  20  1:42  Pylon  
  20  1:44  Probe (Chrono Boost)  
  21  1:55  Probe (Chrono Boost)  
  21  1:57  Cybernetics Core  
  22  2:05  Probe (Chrono Boost)  
  23  2:11  Probe (Chrono Boost)  
  24  2:16  Probe (Chrono Boost)  
  24  2:21  Probe (Chrono Boost)  
  26  2:27  Probe (Chrono Boost)  
  26  2:28  Warp Gate  
  27  2:30  Adept  
  27  2:32  Probe (Chrono Boost)  
  30  2:38  Twilight Council  
  30  2:39  Probe (Chrono Boost)  
  30  2:42  Probe (Chrono Boost)  
  32  2:51  Probe (Chrono Boost)  
  33  2:53  Probe (Chrono Boost)  
  33  2:55  Robotics Facility  
  34  3:01  Probe (Chrono Boost)  
  34  3:03  Probe (Chrono Boost)  
  36  3:12  Probe (Chrono Boost)  
  37  3:14  Probe (Chrono Boost)  
  37  3:15  Dark Shrine  
  38  3:22  Probe (Chrono Boost)  
  38  3:24  Probe (Chrono Boost)  
  40  3:32  Gateway  
  40  3:33  Gateway, Probe (Chrono Boost)  
  41  3:35  Probe (Chrono Boost)  
  41  3:37  Gateway  
  41  3:38  Warp Prism  
  42  3:47  Pylon  
  44  3:51  Probe (Chrono Boost)  
  44  3:52  Assimilator, Probe (Chrono Boost)  
  44  3:55  Assimilator  
  46  4:07  Probe (Chrono Boost)  
  46  4:08  Mothership Core (Chrono Boost), Pylon  
  49  4:19  Probe (Chrono Boost)  
  50  4:24  Nexus  
  50  4:25  Pylon  
  50  4:36  Resonating Glaives  
  50  4:38  Dark Templar  
  50  4:39  Dark Templar x3  
  50  4:44  Probe x2 (Chrono Boost)  
  50  4:45  Pylon  
  60  5:02  Immortal  
  60  5:11  Adept x4  
  72  5:30  Gateway x2  
  70  5:38  Gateway x2  
  70  5:43  Dark Templar  
  70  5:44  Archon  
  70  5:45  Immortal  
  70  5:48  Archon  
  68  5:53  Sentry x2  
  68  5:54  Adept  
  74  5:57  Probe (Chrono Boost)  
  75  6:07  Pylon  
  75  6:08  Probe (Chrono Boost)  
  75  6:10  Pylon  
  76  6:18  Probe (Chrono Boost)  
  76  6:21  Observer  
  78  6:29  Probe (Chrono Boost)  
  78  6:31  Pylon  
  78  6:32  Pylon  
  79  6:33  Adept x6  
  79  6:34  Adept x2  
  79  6:38  Pylon  
  96  6:40  Probe (Chrono Boost)  
  96  6:50  Probe (Chrono Boost)  
  97  7:01  Probe (Chrono Boost)  
  98  7:03  Adept x4  
  98  7:04  Adept x3  
  98  7:05  Adept  
  114  7:10  Pylon  
  114  7:12  Pylon  
  106  7:30  Adept x8  
  116  7:51  Adept x7  
  104  7:57  Adept  
Spawning Tool Build Advisor. Get it on Overwolf

Analysis

The build will gradually transitioning. Firstly DT, seconsly Gladepts. And while attacking, you have to be accumulating immortal sentry at the base to atack after the adepts with archons.

Go to:

Details

  • Created by: Zeruell
  • Published on: Sep 23, 2016
  • Modified on: Sep 23, 2016
  • Patch: Pre-3.8.0
Show
View Real Time Build Order
Export as new Build Order

Comments (0)

There are no comments. Be the first!

Create an account to comment!